 Dungeon Crawl Stone Soup version 0.25.0-26-g0c896c7088 (webtiles) character file.

Game seed: 16063467232709128470

227 Dirian the Chopper (level 5, -7/47 HPs)
             Began as a Minotaur Fighter on July 1, 2020.
             Mangled by Crazy Yiuf
             ... wielding a +2 quarterstaff of chaos
              (9 damage)
             ... on level 2 of the Dungeon.
             The game lasted 00:01:37 (2113 turns).

Dirian the Chopper (Minotaur Fighter)               Turns: 2113, Time: 00:01:37

Health: -7/47      AC:  7    Str: 21    XL:     5   Next: 70%
Magic:  0/4        EV:  7    Int:  5    God:
Gold:   70         SH:  9    Dex: 10    Spells: 4/4 levels left

rFire    . . .     SeeInvis .   a - +0 war axe
rCold    . . .     Gourm    .   c - +0 kite shield
rNeg     . . .     Faith    .   b - +0 scale mail
rPois    .         Spirit   .   (helmet restricted)
rElec    .         Reflect  .   (no cloak)
rCorr    .         Harm     .   (no gloves)
MR       .....                  (no boots)
Stlth    +.........             g - amulet of the acrobat
HPRegen  0.15/turn              h - ring of stealth
MPRegen  0.09/turn              (no ring)

@: no status effects
A: retaliatory headbutt, horns 2
a: no special abilities


You were on level 2 of the Dungeon.
You were hungry.

You visited 1 branch of the dungeon, and saw 2 of its levels.

You collected 70 gold pieces.

Inventory:

Hand Weapons
 a - a +0 war axe (weapon)
Armour
 b - a +0 scale mail (worn)
 c - a +0 kite shield (worn)
 o - a +0 chain mail
Jewellery
 g - an amulet of the acrobat (around neck)
 h - a ring of stealth (left hand)
Scrolls
 f - 2 scrolls of immolation {unknown}
 j - a scroll of enchant armour {unknown}
 k - 2 scrolls of identify {unknown}
 m - a scroll of blinking {unknown}
 n - a scroll of magic mapping {unknown}
 q - a scroll of amnesia {unknown}
Potions
 d - a potion of might
 i - 2 potions of curing {unknown}
 l - 2 potions of invisibility {unknown}
Comestibles
 e - 3 rations


   Skills:
 + Level 4.5 Fighting
 * Level 5.2 Axes
 + Level 4.9 Armour
 + Level 4.4 Shields


You had 4 spell levels left.
You didn't know any spells.
Your spell library was empty.

Dungeon Overview and Level Annotations

Branches:
Dungeon (2/15)

Altars:
Qazlal

Annotations:
D:2 Crazy Yiuf


Innate Abilities, Weirdness & Mutations

You reflexively headbutt those who attack you in melee.
You have a pair of horns on your head.


Message History

You are electrocuted!
You hit Crazy Yiuf. Your headbutt misses Crazy Yiuf.
Crazy Yiuf is lightly wounded.
Crazy Yiuf twirls on the spot.
Crazy Yiuf hits you with a +2 quarterstaff of chaos!
You feel your power leaking away.
Crazy Yiuf hits you with a +2 quarterstaff of chaos.
* * * LOW HITPOINT WARNING * * *
You are electrocuted!
* * * LOW HITPOINT WARNING * * *
You closely miss Crazy Yiuf. Your headbutt misses Crazy Yiuf.
Crazy Yiuf is lightly wounded.
Crazy Yiuf hits you with a +2 quarterstaff of chaos.
* * * LOW HITPOINT WARNING * * *
Crazy Yiuf burns you.
* * * LOW HITPOINT WARNING * * *
You completely miss Crazy Yiuf.
Crazy Yiuf is lightly wounded.
Crazy Yiuf hits you with a +2 quarterstaff of chaos!
You die...

..'......[...#
#.........###.#
..#####......#
#.........# #.# .##
#......# #.........#
#.# ## #.######
######....# #.# # ###
###.## #.#
############### ###.#
#.# ............#.###
### #...# #.#
#######....P.#..##...#
###### #.#
..........PP####@g...#
#....# #.#
...####...P## ###..)#
#....# #.#
...'....#### ###
#....# #.# ...######
#....###># ...#
#...(..#.# ...#
####### ###....###.#
...# #...#.# #).<...#
#.# #### #...#'##
#......# #.# #..#...#
#..(...# #.#


You could see Crazy Yiuf.

Vanquished Creatures
  Sigmund (D:2)
  Natasha (D:2)
  2 adders (D:2)
  An ooze (D:1)
  A dart slug (D:1)
  2 giant cockroaches
  2 goblins
  4 hobgoblins
  3 jackals (D:2)
  4 kobolds (D:1)
  3 bats (D:1)
  3 frilled lizards (D:2)
  4 rats
31 creatures vanquished.

Notes
Turn   | Place    | Note
-------+----------+-------------------------------------------
     0 | D:1      | Dirian the Minotaur Fighter began the quest for the Orb.
     0 | D:1      | Reached XP level 1. HP: 19/19 MP: 0/0
   229 | D:1      | Reached XP level 2. HP: 26/27 MP: 1/1
  1059 | D:2      | Noticed Sigmund
  1090 | D:2      | Found a stormy altar of Qazlal.
  1107 | D:2      | Reached skill level 3 in Axes
  1107 | D:2      | Reached XP level 3. HP: 29/33 MP: 2/2
  1403 | D:2      | Found a runed translucent door.
  1404 | D:2      | Noticed Crazy Yiuf
  1449 | D:2      | Noticed Natasha
  1461 | D:2      | Killed Natasha
  1461 | D:2      | Reached XP level 4. HP: 29/40 MP: 3/3
  1685 | D:2      | Killed Sigmund
  1685 | D:2      | Reached skill level 5 in Axes
  1685 | D:2      | Reached XP level 5. HP: 25/47 MP: 4/4
  2112 | D:2      | HP: 2/47 [Crazy Yiuf/+2 quarterstaff of chaos (1)]
  2113 | D:2      | Mangled by Crazy Yiuf

Illustrated notes

Levels and vault maps discovered:
D:1:      ncdulo_halloftheorcs, layout_loops_corners
D:2:      layout_basic, serial_park_tiny_pond, chequers_garden,
          nicolae_qazlal_general_emergency, uniq_crazy_yiuf_cottage,
          uniq_sigmund, uniq_natasha

Skill      XL: |  1  2  3  4 |
---------------+-------------+-----
Armour         | 4 |  4.9
Fighting       | 4 |  4.5
Shields        | 4 |  4.4
Axes           | 3 5 |  5.2

Action                   |  1- 3 |  4- 6 || total
-------------------------+-------+-------++-------
Melee: War axe           |    42 |    21 ||    63
       Headbutt          |     9 |     4 ||    13
  Use: Potion            |       |     1 ||     1
  Eat: Chunk             |     1 |     2 ||     3
Armor: Scale mail        |    25 |    11 ||    36
Dodge: Dodged            |    18 |    10 ||    28
Block: Kite shield       |    16 |     7 ||    23
